 Dungeon Crawl Stone Soup version 0.27.1-4-g1640c2035a (webtiles) character file.

Game seed: 9798499036018384577

5060 MisterFreud the Cleaver (level 10, -2/88 HPs)
             Began as a Hill Orc Abyssal Knight on Nov 3, 2021.
             Was a High Priest of Lugonu.
             Slain by a slime creature (12 damage)
             ... on level 8 of the Dungeon.
             The game lasted 00:08:43 (6658 turns).

MisterFreud the Cleaver (Hill Orc Abyssal Knight)   Turns: 6658, Time: 00:08:43

Health: -2/88      AC:  8    Str: 19    XL:     10   Next: 56%
Magic:  25/25      EV: 10    Int: 12    God:    Lugonu [*****.]
Gold:   414        SH:  4    Dex: 10    Spells: 9/9 levels left

rFire    . . .     SeeInvis .   t - +2 war axe (vamp)
rCold    + . .     Faith    .   v - +0 buckler
rNeg     . . .     Spirit   .   s - +0 ring mail
rPois    .         Reflect  .   (no helmet)
rElec    .         Harm     .   (no cloak)
rCorr    .         Rampage  .   (no gloves)
Will     .....                  G - +1 pair of boots
Stlth    ..........             r - amulet of regeneration
HPRegen  1.24/turn              n - ring of protection from cold
MPRegen  0.19/turn              q - ring of magical power

@: studying Stealth
A: no striking features
a: Renounce Religion, Depart the Abyss, Bend Space, Banish, Corrupt, Enter the
Abyss


You were on level 8 of the Dungeon.
You worshipped Lugonu.
Lugonu was extremely pleased with you.
You visited 1 branch of the dungeon, and saw 8 of its levels.
You visited the Abyss 1 time.

You collected 414 gold pieces.

Inventory:

Hand Weapons
 a - a +1 hand axe
 t - a +2 vampiric war axe (weapon)
Missiles
 c - 2 javelins
 f - 16 poisoned darts (quivered)
 g - 5 datura-tipped darts
 u - 7 boomerangs
Armour
 b - a +0 leather armour
 s - a +0 ring mail (worn)
 v - a +0 buckler (worn)
 G - a +1 pair of boots (worn)
Jewellery
 l - a ring of fire
 m - an amulet of guardian spirit
 n - a ring of protection from cold (left hand)
 q - a ring of magical power (right hand)
 r - an amulet of regeneration (around neck)
 J - an amulet of the acrobat
Wands
 H - a wand of digging (4)
Scrolls
 d - 9 scrolls of identify {unknown}
 e - 2 scrolls of fog {unknown}
 h - 4 scrolls of immolation {unknown}
 i - 2 scrolls of amnesia {unknown}
 j - 5 scrolls of teleportation {unknown}
 k - a scroll of enchant armour {unknown}
 x - a scroll of holy word {unknown}
 y - 2 scrolls of enchant weapon {unknown}
 E - a scroll of vulnerability {unknown}
 F - a scroll of silence {unknown}
 L - a scroll of noise {unknown}
Potions
 o - 2 potions of lignification {unknown}
 p - a potion of heal wounds
 w - a potion of mutation {unknown}
 z - 2 potions of attraction {unknown}
 A - 3 potions of ambrosia {unknown}
 B - a potion of flight {unknown}
 C - 3 potions of might {unknown}
 D - a potion of degeneration {unknown}
 I - a potion of resistance {unknown}
 K - 2 potions of curing {unknown}


   Skills:
 - Level 8.0 Fighting
 + Level 13.9 Axes
 - Level 6.0 Armour
 - Level 0.7 Dodging
 - Level 4.0 Shields
 + Level 8.3 Invocations


You had 9 spell levels left.
You didn't know any spells.
Your spell library contained the following spells:

 Spells                   Type           Power      Damage    Failure   Level
 Corona                   Hex            0%         N/A       47%         1
 Magic Dart               Conj           0%         1d3       47%         1
 Call Imp                 Summ           0%         N/A       63%         2
 Ensorcelled Hibernation  Hex/Ice        0%         N/A       63%         2
 Slow                     Hex            0%         N/A       63%         2
 Confusing Touch          Hex            0%         N/A       85%         3
 Frozen Ramparts          Ice            0%         1d2       85%         3
 Mephitic Cloud           Conj/Pois/Air  0%         N/A       85%         3
 Tukima's Dance           Hex            0%         N/A       85%         3
 Vampiric Draining        Necr           0%         2d6       85%         3
 Ice Form                 Ice/Tmut       0%         N/A       99%         4
 Summon Ice Beast         Ice/Summ       0%         N/A       99%         4


Dungeon Overview and Level Annotations

Branches:
Dungeon (8/15)             Temple (0/1) D:7            Lair (0/6) D:8

Altars:
Fedhas
Makhleb

Shops:
D:5 :   D:8 ?

Annotations:
D:7 3 runed translucent doors, PanSaczeczos's ghost, novice HuCj


Message History

The large slime creature is heavily wounded.
You hit the slime creature. The slime creature barely misses you.
You are too injured to fight recklessly!
You slice the large slime creature!!
You feel better.
The large slime creature is severely wounded.
You hit the slime creature.
A large slime creature splits.
The slime creature barely misses you.
You hit the slime creature.
You feel better.
The slime creature is severely wounded.
You hit the slime creature.
You feel better.
You hit the slime creature. The slime creature hits you!
The slime creature hits you!!
You are too injured to fight recklessly!
You slash the slime creature!
The slime creature is almost dead.
You hit the slime creature. You slash the slime creature!
The slime creature closely misses you. x2; The slime creature misses you.
You are too injured to fight recklessly!
You are too injured to fight recklessly!
You slash the slime creature!
You feel better.
You kill the slime creature!
Lugonu accepts your kill.
You hit the slime creature but do no damage.
You hit the slime creature.
You feel better. You block the slime creature's attack.
The slime creature hits you!
You slash the slime creature!
You feel better.
The slime creature is severely wounded.
You hit the slime creature.
You feel better. The slime creature hits you!
* * * LOW HITPOINT WARNING * * *
You slash the slime creature!
You feel better.
The slime creature is almost dead.
You hit the slime creature. The slime creature hits you!
* * * LOW HITPOINT WARNING * * *
The slime creature hits you!
* * * LOW HITPOINT WARNING * * *
You are too injured to fight recklessly!
You slash the slime creature!
You feel better.
You kill the slime creature!
Lugonu accepts your kill.
You barely miss the slime creature. The slime creature hits you!
You die...

##.......##
#...##.# #.
##.....##
#<.###.# #.
####...## #..
#.####P
#...#+## #..
#......
#.#.#.# #.#
#.# #..
#.#.#.#####
#. #.# #.
..#.......#
#.# #.
#######J.#.#
## #....@..#
# #...#.∩.# #
#...#...#
.....#.#...
##....$....##
###..####.#
... .. ###


You could see a slime creature.

Vanquished Creatures
  A gargoyle (D:6)
  2 slime creatures (D:8)
  2 yaks
  Edmund (D:5)
  2 water moccasins (D:8)
  2 orc warriors
  An ice beast (D:6)
  2 sky beasts (D:6)
  2 black bears
  3 ogres
  A necrophage (D:6)
  A centaur (D:8)
  2 phantoms
  8 bullfrogs
  A gnoll sergeant (D:8)
  4 scorpions
  A wyvern zombie (D:3)
  2 water moccasin skeletons
  11 killer bees
  A wight (D:6)
  6 hounds
  A jelly (D:4)
  2 centaur zombies
  5 orc priests
  2 bullfrog skeletons
  4 iguanas (D:6)
  5 orc wizards
  2 killer bee zombies
  A howler monkey zombie (D:6)
  4 gnolls (D:8)
  6 adders
  A white imp (D:6)
  2 ufetubi
  An adder skeleton (D:4)
  A worm (D:2)
  3 dart slugs
  28 orcs
  6 bats
  8 endoplasms
  2 giant cockroaches
  8 hobgoblins
  4 quokkas
  2 ball pythons
  2 frilled lizards
  11 goblins
  11 kobolds
  7 rats
185 creatures vanquished.

Vanquished Creatures (others)
  28 fungi (D:8)
  25 plants
53 creatures vanquished.

Grand Total: 238 creatures vanquished

Notes
Turn   | Place    | Note
-------+----------+-------------------------------------------
     0 | Abyss:1  | MisterFreud the Hill Orc Abyssal Knight began the quest for
                  | the Orb.
     0 | Abyss:1  | Reached XP level 1. HP: 19/19 MP: 2/2
    11 | D:1      | Escaped the Abyss
    97 | D:1      | Reached skill level 3 in Axes
   395 | D:1      | Reached XP level 2. HP: 21/26 MP: 3/3
   522 | D:1      | Reached skill level 4 in Axes
   612 | D:1      | Reached ** piety under Lugonu
   715 | D:1      | Found a faded altar of an unknown god.
   976 | D:2      | Reached XP level 3. HP: 31/31 MP: 4/4
  1224 | D:2      | Reached skill level 5 in Axes
  2105 | D:3      | Reached skill level 6 in Axes
  2105 | D:3      | Reached XP level 4. HP: 24/39 MP: 3/5
  2495 | D:3      | Found a blossoming altar of Fedhas.
  2822 | D:3      | Reached XP level 5. HP: 41/45 MP: 6/6
  2905 | D:3      | Reached skill level 7 in Axes
  3078 | D:3      | Reached skill level 8 in Axes
  3078 | D:3      | Reached XP level 6. HP: 40/51 MP: 7/7
  3230 | D:3      | Reached *** piety under Lugonu
  3605 | D:4      | Reached skill level 9 in Axes
  3745 | D:5      | Entered Level 5 of the Dungeon
  3745 | D:5      | Found Ylaedd's Book Emporium.
  3888 | D:5      | Reached XP level 7. HP: 48/57 MP: 8/8
  4104 | D:5      | Noticed a yak
  4126 | D:4      | Reached skill level 10 in Axes
  4201 | D:5      | Killed a yak
  4202 | D:5      | Reached skill level 11 in Axes
  4398 | D:6      | Noticed Edmund
  4435 | D:5      | Killed Edmund
  4436 | D:5      | Reached XP level 8. HP: 13/64 MP: 9/9
  4532 | D:6      | Reached skill level 12 in Axes
  4582 | D:6      | Reached **** piety under Lugonu
  4583 | D:6      | Reached skill level 1 in Shields
  4928 | D:6      | Reached skill level 5 in Fighting
  5104 | D:6      | Noticed a gargoyle
  5112 | D:6      | Reached XP level 9. HP: 75/75 MP: 10/10
  5150 | D:6      | Reached skill level 5 in Armour
  5211 | D:6      | Killed a gargoyle
  5510 | D:7      | Found a runed translucent gate.
  5510 | D:7      | Found a runed translucent gate.
  5510 | D:7      | Found a runed translucent gate.
  5512 | D:7      | Noticed PanSaczeczos's ghost (novice HuCj)
  5714 | D:7      | Reached ***** piety under Lugonu
  5728 | D:7      | Reached skill level 13 in Axes
  5728 | D:7      | Reached skill level 5 in Invocations
  5728 | D:7      | Reached XP level 10. HP: 88/88 MP: 14/14
  5885 | D:7      | Found a staircase to the Ecumenical Temple.
  6128 | D:8      | Found a staircase to the Lair.
  6301 | D:8      | Found a burning altar of Makhleb.
  6638 | D:8      | Found Zecour's Magic Scroll Shop.
  6658 | D:8      | Slain by a slime creature

Illustrated notes

Levels and vault maps discovered:
D:1:      dpeg_arrival_triangle_fractal, layout_rooms,
          shapermc_ecumenical_altar_acropolis, lexackson_kobold_supper
D:2:      layout_loops_cross, serial_glass, glass_columns_b, glass_columns_b,
          feat_on_display
D:3:      cheibrodos_greedy_goblins, layout_loops_ring, amcnicky_altar_gilded
D:4:      layout_rooms
D:5:      layout_cave_pools, serial_shops, nicolae_lakefront_shop,
          minmay_manual_moon
D:6:      minmay_clustersquares, layout_rooms, minmay_fractal_squares_5,
          uniq_edmund
D:7:      layout_basic, minmay_temple_entry_mist, ebering_ghost_rock_garden,
          kennysheep_generic_room_2
D:8:      layout_loops_corners, lightli_temple_of_fire,
          due_lair_maze_entry_diamond, serial_shops, nicolae_shop_stone,
          kennysheep_pointless_box, minmay_the_grid_2x2
          [minmay_the_grid_stretched_grid, minmay_the_grid_outer_circle,
          minmay_the_grid_zigzag_pyramid, minmay_the_grid_prize_big_room],
          uniq_pikel

Skill      XL: |  1  2  3  4  5  6  7  8  9 10 |
---------------+-------------------------------+-----
Axes           | 3 4 6 8 9 11 12 13 | 13.9
Fighting       | 5 8 |  8.0
Shields        | 3 4 |  4.0
Armour         | 4 6 |  6.0
Invocations    | 5 8 |  8.3
Dodging        | |  0.7

Action                   |  1- 3 |  4- 6 |  7- 9 | 10-12 || total
-------------------------+-------+-------+-------+-------++-------
Melee: Hand axe          |   123 |    50 |       |       ||   173
       War axe           |       |   123 |   304 |   136 ||   563
Throw: Dart              |       |     3 |       |       ||     3
  Use: Potion            |     1 |       |       |       ||     1
 Stab: Sleeping          |     1 |       |       |       ||     1
Armor: Leather armour    |    31 |     1 |       |       ||    32
       Ring mail         |       |    56 |    96 |    29 ||   181
Dodge: Dodged            |    61 |    79 |   120 |    51 ||   311
Block: Buckler           |       |     7 |    57 |    23 ||    87
